 Dungeon Crawl Stone Soup version 0.31-a0-1068-g5939ac1fb6 (webtiles) character file.

Game seed: 15350549724269418381

64 Dirtsage the Slasher (level 3, -5/29 HPs)
             Began as a Demonspawn Monk on Nov 24, 2023.
             Slain by an iguana (7 damage)
             ... on level 4 of the Dungeon.
             The game lasted 00:01:26 (845 turns).

Dirtsage the Slasher (Demonspawn Monk)               Turns: 845, Time: 00:01:27

Health: -5/29      AC:  8    Str: 11    XL:     3   Next: 91%
Magic:  3/3        EV: 11    Int: 11    God:
Gold:   107        SH:  0    Dex: 17    Spells: 2/2 levels left

rFire   . . .        a - +0 falchion
rCold   . . .        d - orb {light}
rNeg    . . .        q - +0 ring mail
rPois   .            k - +2 hat
rElec   .            (no cloak)
rCorr   .            i - +0 pair of gloves
SInv    .            (no boots)
Will    .....        (no amulet)
Stlth   +            (no ring)
HPRegen 0.24/turn    (no ring)
MPRegen 0.08/turn

%: no passive effects
@: glowing
A: hooves 1, demonic guardian 1
a: no special abilities


You were on level 4 of the Dungeon.
You visited 1 branch of the dungeon, and saw 3 of its levels.

You collected 107 gold pieces.

Inventory:

Hand Weapons
 a - a +0 falchion (weapon)
Armour
 b - a +0 robe
 d - an orb of light (worn)
 e - a +0 leather armour
 i - a +0 pair of gloves (worn)
 k - a +2 hat (worn)
 q - a +0 ring mail (worn)
Scrolls
 g - a scroll of fear {unknown}
 h - a scroll of blinking {unknown}
 j - a scroll of identify {unknown}
 m - 2 scrolls of enchant armour {unknown}
 o - a scroll of teleportation {unknown}
Potions
 c - a potion of ambrosia
 f - a potion of might {unknown}
 l - a potion of curing {unknown}
 n - a potion of berserk rage {unknown}
 p - 2 potions of invisibility {unknown}


   Skills:
 - Level 3.0 Fighting
 + Level 4.4 Long Blades
 - Level 2.6 Dodging


You had 2 spell levels left.
You didn't know any spells.
Your spell library contained the following spells:

 Spells                   Type           Power      Damage    Failure   Level
 Lesser Beckoning         Tloc           0%         N/A       78%         2
 Gell's Gravitas          Tloc           0%         N/A       95%         3
 Teleport Other           Tloc           0%         N/A       95%         3


Dungeon Overview and Level Annotations

Branches:
Dungeon (4/15)
 Temple: D:4-7

Altars:


Innate Abilities, Weirdness & Mutations

You have large cloven feet.
A weak demonic guardian rushes to your aid.


Message History

You finish taking off your +0 leather armour.
You start putting on your armour.
You continue putting on your +0 ring mail. x5
You finish putting on your +0 ring mail.
Health restored: 29 An iguana comes into view.
You see here a +0 war axe.
The iguana bites you.
A demonic guardian appears!
You take 5 damage, and have 24/29 hp.
You hit the iguana.
The iguana is lightly wounded.
The iguana bites you!
You take 6 damage, and have 18/29 hp.
MASSIVE DAMAGE!!
You are too injured to fight recklessly!
You are too injured to fight recklessly!
You are too injured to fight recklessly!
You completely miss the iguana.
The iguana is lightly wounded.
The iguana bites you.
You take 6 damage, and have 12/29 hp.
MASSIVE DAMAGE!!
You hit the iguana. You kick the iguana, but do no damage.
The iguana is lightly wounded.
The iguana closely misses you.
Your white imp hits the iguana but does no damage.
You hit the iguana but do no damage.
The iguana is lightly wounded.
The iguana bites you but does no damage.
Your white imp gestures at the iguana.
The puff of frost hits the iguana.
You hit the iguana. You kick the iguana, but do no damage.
The iguana is heavily wounded.
The iguana bites you!
* * * LOW HITPOINT WARNING * * *
Your white imp gestures at the iguana.
The puff of frost hits the iguana.
You take 10 damage, and have 2/29 hp.
MASSIVE DAMAGE!!
You hit the iguana but do no damage.
The iguana is almost dead.
The iguana bites you!
You die...

##..........#
#...........## ###
#..........#.#####..
#^.........#..#.....
#..........##.......
##).........###......
##...........#
#......
#...........##
##..... #.#..@5.....#
#..... #.###.l......#
##..... #.#
#........# #.....#
... ##......##
####... .. #......#
#... ######## ##..
#.. ########.
#....>##.


You could see an iguana (ally target) and a friendly white imp (summoned).

Vanquished Creatures
  An iguana (D:4)
  An adder (D:2)
  A dart slug (D:1)
  An orc (D:4)
  An endoplasm (D:1)
  4 goblins (D:1)
  3 hobgoblins
  3 jackals (D:1)
  2 kobolds (D:1)
  A quokka (D:1)
  3 ball pythons (D:1)
  2 bats (D:1)
  2 frilled lizards (D:1)
  A rat (D:1)
26 creatures vanquished.

Notes
Turn   | Place    | Note
-------+----------+-------------------------------------------
     0 | D:1      | Dirtsage the Demonspawn Monk began the quest for the Orb.
     0 | D:1      | Reached XP level 1. HP: 18/18 MP: 1/1
    77 | D:1      | Reached skill level 3 in Long Blades
   100 | D:1      | Gained mutation: A weak demonic guardian rushes to your
                  | aid. [demonic ancestry]
   100 | D:1      | Reached XP level 2. HP: 15/24 MP: 2/2
   540 | D:2      | Gained mutation: You have large cloven feet. [demonic
                  | ancestry]
   540 | D:2      | Reached XP level 3. HP: 20/29 MP: 3/3
   586 | D:2      | You fall into a shaft and drop 2 floors!
   642 | D:4      | Reached skill level 4 in Long Blades
   845 | D:4      | Slain by an iguana

Illustrated notes

Levels and vault maps discovered:
D:1:      dpeg_arrival_houses_and_road, layout_rooms
D:2:      layout_loops_ring
D:4:      layout_cave_pods, minmay_joined_circles

Skill      XL: |  1  2  3 |
---------------+----------+-----
Long Blades    | 3 4 |  4.4
Fighting       | |  3.0
Dodging        | |  2.6

Action                     || total
---------------------------++-------
  Melee: Falchion          ||    74
         Kick              ||     7
 Armour: Leather armour    ||    34
         Robe              ||     1
         Ring mail         ||     6
  Dodge: Dodged            ||    50

Table legend: (Time is in decaauts)
 A = Elapsed time spent in this place.
 B = Non-inter-level travel time spent in this place.
 C = Inter-level travel time spent in this place.
 D = Time resting spent in this place.
 E = Time spent auto-exploring this place.
 F = Levels seen in this place.
 G = Mean time per level.
                   A        B        C        D        E       F      G
               +--------+--------+--------+--------+--------+-----+--------+
         Total |    853 |    823 |     30 |      0 |    619 |   3 |  284.3 |
       Dungeon |    853 |    823 |     30 |      0 |    619 |   3 |  284.3 |
               +--------+--------+--------+--------+--------+-----+--------+

Top non-repeatable levels by time:
     D:1: 523 daAuts
     D:4: 260 daAuts
     D:2: 69 daAuts
